 Dungeon Crawl Stone Soup version 0.31.0-4-g52a2dc7128 (webtiles) character file.

Game seed: 4487270160339735356

358 Dirian the Covered (level 6, 0/56 HPs)
             Began as a Minotaur Fighter on Jan 22, 2024.
             Incinerated by a bombardier beetle (5 damage)
             ... with a burning spray
             ... on level 3 of the Dungeon.
             The game lasted 00:01:47 (1343 turns).

Dirian the Covered (Minotaur Fighter)               Turns: 1343, Time: 00:01:47

Health: 0/56       AC:  9    Str: 22    XL:     6   Next: 37%
Magic:  5/5        EV:  8    Int:  5    God:
Gold:   165        SH:  5    Dex: 10    Spells: 5/5 levels left

rFire   . . .        a - +0 war axe
rCold   . . .        c - +0 buckler
rNeg    . . .        k - +0 chain mail
rPois   .            (helmet restricted)
rElec   .            (no cloak)
rCorr   .            (no gloves)
SInv    +            (no boots)
Will    .....        (no amulet) Stlth
                     h - ring of see invisible
HPRegen 0.29/turn    (no ring)
MPRegen 0.09/turn

%: no passive effects
@: on fire, glowing
A: horns 2, retaliatory headbutt
a: no special abilities


You were on level 3 of the Dungeon.
You visited 1 branch of the dungeon, and saw 3 of its levels.

You collected 165 gold pieces.

Inventory:

Hand Weapons
 a - a +0 war axe (weapon)
Armour
 c - a +0 buckler (worn)
 k - a +0 chain mail (worn)
Jewellery
 h - a ring of see invisible (left hand)
Scrolls
 e - a scroll of vulnerability {unknown}
 f - 3 scrolls of poison {unknown}
 g - 2 scrolls of teleportation {unknown}
 j - a scroll of acquirement {unknown}
 l - a scroll of fear {unknown}
Potions
 d - 2 potions of might


   Skills:
 + Level 5.0 Fighting
 + Level 5.1 Axes
 + Level 5.4 Armour
 + Level 5.0 Shields


You had 5 spell levels left.
You didn't know any spells.
Your spell library contained the following spells:

 Spells                   Type           Power      Damage    Failure   Level
 Momentum Strike          Conj/Tloc      0%         3d8       99%         2
 Gell's Gravitas          Tloc           0%         N/A       100%        3
 Passwall                 Erth           0%         N/A       100%        3
 Volatile Blastmotes      Fire/Tloc      0%         2d10      100%        3
 Brom's Barrelling Bould  Conj/Erth      0%         2d3       100%        4


Dungeon Overview and Level Annotations

Branches:
Dungeon (3/15) Zot: 16623

Altars:

Annotations:
D:3 3 runed translucent doors, sausages's ghost, weakling OpSh


Innate Abilities, Weirdness & Mutations

You have a pair of horns on your head.
You reflexively headbutt those who attack you in melee.


Message History

The liquid fire burns you!
The jackal bites you but does no damage.
The jackal closely misses you.
You barely miss the jackal.
The jackal is heavily wounded.
The liquid fire burns you!
The jackal bites you but does no damage.
You slash the jackal!
You kill the jackal!
The liquid fire burns you!
* * * LOW HITPOINT WARNING * * *
The jackal bites you but does no damage.
You completely miss the jackal. Your headbutt misses the jackal.
The liquid fire burns you!
* * * LOW HITPOINT WARNING * * *
The jackal bites you but does no damage.
A rat comes into view.
You block the jackal's attack.
You closely miss the jackal. The liquid fire burns you!
* * * LOW HITPOINT WARNING * * *
The jackal barely misses you. The jackal bites you.
* * * LOW HITPOINT WARNING * * *
You barely miss the jackal. The liquid fire burns you!
* * * LOW HITPOINT WARNING * * *
The jackal bites you but does no damage.
You slash the jackal!
You kill the jackal!
The liquid fire burns you!
* * * LOW HITPOINT WARNING * * *
It was a potion of curing.
You feel better. The liquid fire burns you!
* * * LOW HITPOINT WARNING * * *
The jackal misses you.
The jackal bites you but does no damage.
You hit the jackal but do no damage. You headbutt the jackal.
You kill the jackal!
The liquid fire burns you!
You die...

##.. ......#
###...###
<....###
....#...#
#......# #...#.#
#.#..#.#
#....#####.#..#.#
#......)....#.#
#.######.#.(#.#
#.# #.#..#.# #@#
#......# #†#
###......#


.ro ..........# ...######.....## §.### #.....# §.. #####....<# .≈.. ..........#
≈.≈. ####.....# #.....# You could see an orc and a rat.

Vanquished Creatures
  Sigmund (D:2)
  A centaur (D:3)
  2 bombardier beetles (D:3)
  2 adders
  6 ball pythons
  A giant cockroach (D:1)
  5 goblins
  2 hobgoblins (D:2)
  3 jackals (D:3)
  3 kobolds (D:2)
  A quokka (D:1)
  A bat (D:3)
  2 frilled lizards
  2 rats (D:1)
32 creatures vanquished.

Notes
Turn   | Place    | Note
-------+----------+-------------------------------------------
     0 | D:1      | Dirian the Minotaur Fighter began the quest for the Orb.
     0 | D:1      | Reached XP level 1. HP: 19/19 MP: 0/0
     2 | D:1      | Got the Tome of Scree and Distance
   359 | D:1      | Reached XP level 2. HP: 27/27 MP: 1/1
   861 | D:2      | Reached XP level 3. HP: 28/33 MP: 2/2
   969 | D:2      | Noticed Sigmund
   997 | D:2      | Killed Sigmund
   998 | D:2      | Reached skill level 5 in Armour
   998 | D:2      | Reached XP level 4. HP: 30/41 MP: 3/3
   998 | D:2      | Reached XP level 5. HP: 35/47 MP: 4/4
  1183 | D:3      | Found a runed translucent gate.
  1185 | D:3      | Found a runed translucent gate.
  1186 | D:3      | Found a runed translucent gate.
  1187 | D:3      | Noticed sausages's ghost (weakling OpSh)
  1222 | D:3      | Noticed a centaur
  1238 | D:3      | Killed a centaur
  1239 | D:3      | Reached XP level 6. HP: 32/55 MP: 5/5
  1261 | D:3      | Reached skill level 5 in Axes
  1261 | D:3      | Reached skill level 5 in Shields
  1334 | D:3      | Reached skill level 5 in Fighting
  1341 | D:3      | HP: 2/56 [burnt (3)]
  1343 | D:3      | Incinerated by a bombardier beetle

Illustrated notes

Levels and vault maps discovered:
D:1:      lightli_arrival_quake, layout_basic, serial_bayou_pond_d,
          hangedman_decor_slide_cut
D:2:      layout_rooms, uniq_sigmund
D:3:      layout_loops_ring, mainiacjoe_overflow_concentric_impassable,
          gammafunk_ghost_split

Skill      XL: |  1  2  3  4  5  6 |
---------------+-------------------+-----
Armour         | 4 5 |  5.4
Shields        | 4 5 |  5.0
Fighting       | 4 5 |  5.0
Axes           | 4 5 |  5.1

Action                     |  1- 3 |  4- 6 || total
---------------------------+-------+-------++-------
  Melee: War axe           |    61 |    30 ||    91
         Headbutt          |     7 |     4 ||    11
    Use: Potion            |       |     1 ||     1
 Armour: Scale mail        |    44 |       ||    44
         Chain mail        |       |    36 ||    36
  Dodge: Dodged            |    34 |    13 ||    47
  Block: Buckler           |    12 |     5 ||    17
